Map: Newkirk Precinct TE (Void)

Players

Namshar - Winner!

  • Race: Zerg Zerg
  • Spawn Location: 7:00

ViBE

  • Race: Zerg Zerg
  • Spawn Location: 5:00

Event: WCS Austin 2017

VOD

Have the link to the VOD?

Description

Time

  • Played on: April 28, 2017, 2:30 p.m.
  • Length: 11:37

All games in this series

Show
View Real Time Build Order
Export as new Build Order

Namshar Zerg - Winner!

Build Orders: Pool First 

Get SALT Encoding   

  12  0:00  Drone  
  13  0:12  Overlord  
  13  0:17  Drone  
  14  0:31  Drone x2  
  14  0:34  Drone  
  17  0:42  Extractor  
  17  0:45  Drone  
  17  0:50  Spawning Pool  
  17  0:56  Drone  
  17  1:07  Drone  
  18  1:19  Hatchery  
  18  1:25  Drone  
  18  1:28  Drone  
  19  1:37  Queen  
  21  1:45  Metabolic Boost  
  21  1:52  Overlord  
  21  1:57  Zergling x2  
  22  2:07  Baneling Nest  
  21  2:10  Spine Crawler  
  20  2:17  Queen  
  22  2:24  Zergling x2  
  22  2:25  Zergling x2  
  22  2:29  Zergling x2  
  25  2:31  Zergling x2  
  26  2:39  Zergling x2  
  28  2:44  Zergling x4  
  30  2:51  Zergling x4  
  30  2:54  Overlord  
  30  2:56  Zergling x2  
  33  3:02  Zergling x2  
  34  3:14  Baneling x2  
  34  3:15  Baneling x2  
  34  3:20  Baneling  
  34  3:23  Queen  
  34  3:24  Queen  
  37  3:33  Drone x2  
  38  3:39  Drone  
  39  3:44  Drone, Overlord  
  40  3:55  Drone x3  
  43  4:03  Baneling  
  43  4:04  Baneling  
  39  4:24  Drone x2  
  39  4:25  Drone  
  39  4:26  Overlord  
  39  4:27  Drone, Overlord  
  43  4:35  Zergling x2  
  43  4:38  Zergling x2  
  45  4:41  Drone x2  
  45  4:42  Drone, Roach Warren  
  47  4:49  Drone x2  
  47  4:50  Lair  
  49  4:53  Drone  
  49  4:54  Drone x2  
  50  5:02  Drone  
  49  5:08  Evolution Chamber  
  49  5:10  Drone x4  
  49  5:11  Extractor x2  
  49  5:13  Drone x2  
  52  5:27  Hatchery  
  51  5:48  Drone x3  
  51  5:49  Zerg Missile Weapons Level 1  
  53  5:50  Glial Reconstitution  
  53  5:53  Hatchery  
  53  5:56  Zergling x4  
  53  6:05  Roach x5  
  63  6:16  Overlord x3  
  63  6:17  Overlord x2  
  62  6:24  Drone x5  
  67  6:26  Burrow  
  67  6:28  Extractor  
  67  6:29  Overseer  
  66  6:38  Infestation Pit  
  66  6:39  Drone  
  66  6:42  Drone  
  66  6:56  Drone  
  66  6:57  Drone x6  
  73  7:02  Overlord  
  73  7:06  Queen, Extractor  
  74  7:10  Drone x2, Extractor  
  74  7:13  Drone  
  74  7:15  Drone  
  76  7:21  Overlord  
  76  7:22  Overlord  
  76  7:26  Pathogen Glands  
  76  7:29  Drone, Hydralisk Den  
  80  7:30  Roach x4  
  80  7:37  Drone x3  
  86  7:39  Drone, Spore Crawler  
  86  7:41  Drone, Spore Crawler  
  87  7:44  Spore Crawler  
  85  7:52  Drone x2  
  85  7:53  Drone x2  
  85  7:54  Drone x2  
  91  7:59  Overlord  
  91  8:01  Infestor x2  
  91  8:03  Infestor  
  97  8:08  Muscular Augments  
  97  8:10  Ravager  
  97  8:11  Ravager  
  97  8:12  Ravager  
  100  8:15  Drone x4  
  100  8:18  Overlord  
  104  8:26  Drone, Spore Crawler  
  104  8:27  Unknown  
  104  8:29  Hydralisk x3  
  104  8:32  Ravager  
  111  8:42  Unknown  
  111  8:49  Ravager  
  111  8:51  Hydralisk x6  
  111  8:52  Hatchery  
  123  8:56  Overlord  
  123  8:57  Overlord  
  123  9:04  Hydralisk x2  
  123  9:05  Hydralisk  
  123  9:08  Hydralisk  
  123  9:09  Hydralisk  
  133  9:12  Overlord  
  133  9:14  Overseer  
  133  9:20  Hydralisk x2  
  133  9:22  Overlord  
  133  9:23  Overlord  
  137  9:34  Roach x4  
  145  9:48  Roach x7  
  145  9:51  Unknown  
  159  9:54  Roach x3  
  165  10:01  Overlord x3  
  165  10:04  Overlord  
  165  10:09  Ravager x2  
  165  10:11  Roach x3  
  173  10:16  Pneumatized Carapace  
  173  10:23  Roach x4  
  181  10:34  Spore Crawler  
  180  10:36  Spine Crawler  
  180  10:37  Drone x4  
  180  10:38  Roach  
  180  10:39  Roach x4  
  191  10:49  Roach  
  193  10:50  Roach  
  193  10:59  Ravager x2, Roach  
  193  11:00  Roach  
  197  11:15  Roach x3  
Show
View Real Time Build Order
Export as new Build Order

ViBE Zerg 

Build Orders: Pool First, Lurkers, Zergling Baneling 

Get SALT Encoding   

  12  0:00  Drone  
  13  0:12  Overlord  
  13  0:17  Drone  
  14  0:31  Drone x2  
  14  0:35  Drone  
  17  0:45  Spawning Pool  
  17  0:47  Extractor  
  15  0:51  Drone  
  15  0:56  Drone  
  17  1:17  Hatchery  
  16  1:24  Overlord  
  16  1:32  Zergling x4  
  18  1:39  Zergling x2  
  19  1:48  Queen  
  21  1:55  Metabolic Boost  
  21  2:00  Zergling x2  
  22  2:05  Zergling x2  
  23  2:13  Baneling Nest  
  22  2:21  Zergling x2  
  23  2:28  Zergling x2  
  24  2:33  Queen  
  26  2:38  Zergling x2  
  26  2:41  Zergling x2  
  28  2:54  Zergling x6  
  28  2:57  Baneling  
  28  2:58  Baneling  
  31  3:03  Zergling x2  
  31  3:21  Baneling  
  31  3:22  Baneling x3  
  30  3:28  Drone x4  
  34  3:37  Drone  
  34  3:38  Overlord  
  35  3:45  Baneling  
  35  3:46  Baneling  
  35  3:59  Drone  
  35  4:00  Drone x4  
  32  4:23  Drone x3  
  32  4:31  Queen  
  32  4:37  Drone  
  35  4:43  Overlord  
  35  4:50  Drone  
  35  5:03  Drone x7  
  42  5:10  Lair  
  42  5:16  Overlord  
  42  5:21  Drone x2  
  42  5:22  Extractor  
  42  5:23  Drone  
  41  5:45  Drone x8  
  48  5:50  Extractor  
  48  5:53  Extractor, Spine Crawler  
  48  5:55  Drone x2, Roach Warren  
  46  6:02  Drone x3  
  47  6:13  Zergling x2, Spire  
  46  6:24  Drone x3  
  49  6:29  Overlord  
  49  6:35  Hatchery  
  49  6:39  Overlord  
  48  6:47  Zergling x10  
  53  6:58  Overlord  
  53  7:00  Overseer  
  53  7:07  Unknown  
  53  7:18  Drone x3  
  53  7:19  Drone x4  
  60  7:31  Mutalisk x7  
  74  7:37  Hydralisk Den  
  71  7:55  Drone, Extractor  
  71  7:56  Drone x5, Extractor  
  71  7:57  Drone x2  
  77  7:58  Overlord  
  77  7:59  Overlord  
  77  8:03  Mutalisk x2  
  81  8:06  Lurker Den  
  81  8:08  Overlord  
  81  8:14  Overlord  
  81  8:15  Overlord  
  81  8:19  Queen  
  83  8:25  Overlord x2  
  83  8:31  Glial Reconstitution  
  83  8:36  Hydralisk x2  
  83  8:37  Evolution Chamber  
  83  8:39  Hydralisk  
  88  8:43  Hydralisk  
  90  8:48  Hydralisk  
  90  8:49  Hydralisk  
  94  8:55  Hydralisk x2  
  98  9:13  Zerg Missile Weapons Level 1  
  98  9:17  Drone  
  98  9:23  Overlord x2  
  99  9:34  Lurker x7  
  104  9:41  Lurker  
  104  9:51  Roach x6  
  116  9:55  Drone  
  116  9:59  Drone  
  117  10:01  Roach x6  
  129  10:07  Overlord x2  
  129  10:08  Hatchery  
  128  10:15  Roach  
  128  10:16  Roach x3  
  136  10:25  Overlord x3  
  136  10:33  Roach x4  
  144  10:45  Roach  
  144  10:46  Roach x4  
  154  10:56  Hydralisk x3  
  151  11:10  Hydralisk x3  
  147  11:20  Overseer  
  147  11:23  Lurker x2  
  147  11:24  Lurker  
Tags
 
Add a new tag
Caveats
  • Supply blocks, unpowered buildings, or Contaminate may cause inaccurate times.
  • Supply counts are checked every 10 seconds.